 Dungeon Crawl Stone Soup version 0.29.1-2-gbd0b4ee654 (webtiles) character file.

Game seed: 2325881095699673335

93 Sabo the Chopper (level 4, 0/38 HPs)
             Began as a Demonspawn Berserker on Nov 17, 2022.
             Was a Believer of Trog.
             Slain by Sigmund
             ... wielding a +0 scythe
              (7 damage)
             ... on level 2 of the Dungeon.
             The game lasted 00:09:26 (1958 turns).

Sabo the Chopper (Demonspawn Berserker)             Turns: 1958, Time: 00:09:27

Health: 0/38       AC:  4    Str: 20    XL:     4   Next: 36%
Magic:  4/4        EV: 12    Int:  8    God:    Trog [**....]
Gold:   109        SH:  0    Dex: 12    Spells: 3/3 levels left

rFire   . . .      SeeInvis .   l - +2 whip (elec)
rCold   . . .      Faith    .   (no shield)
rNeg    . . .      Spirit   .   j - +0 leather armour
rPois   .          Reflect  .   (helmet restricted)
rElec   .          Harm     .   (no cloak)
rCorr   .          Rampage  .   (no gloves)
Will    .....                   (no boots)
Stlth   +.........              (no amulet)
HPRegen 0.12/turn               (no ring)
MPRegen 0.09/turn               (no ring)

@: confused
A: antennae 1, rugged brown scales 1, powered by death 1
a: Renounce Religion, Berserk, Trog's Hand


You were on level 2 of the Dungeon.
You worshipped Trog.
Trog was pleased with you.
You visited 1 branch of the dungeon, and saw 2 of its levels.

You collected 109 gold pieces.

Inventory:

Hand Weapons
 a - a +0 hand axe
 l - a +2 whip of electrocution (weapon)
 n - a +2 dagger of freezing
 o - a +0 sling
Missiles
 d - 5 boomerangs (quivered)
Armour
 j - a +0 leather armour (worn)
Scrolls
 b - a scroll of enchant armour {unknown}
 g - 3 scrolls of identify {unknown}
 h - 2 scrolls of immolation {unknown}
 k - a scroll of fear {unknown}
 m - 3 scrolls of vulnerability {unknown}
 p - a scroll of magic mapping {unknown}
 q - a scroll of acquirement {unknown}
Potions
 c - a potion of lignification {unknown}
 e - 2 potions of might {unknown}
 f - 5 potions of curing {unknown}
 i - a potion of attraction {unknown}


   Skills:
 + Level 3.7 Fighting
 + Level 4.0 Axes
 + Level 0.1(2.4) Maces & Flails
 + Level 1.9 Armour
 + Level 2.1 Dodging


You had 3 spell levels left.
You didn't know any spells.
Your spell library was empty.

Dungeon Overview and Level Annotations

Branches:
Dungeon (2/15)

Altars:

Annotations:
D:2 Sigmund


Innate Abilities, Weirdness & Mutations

You have a pair of small antennae on your head.
You are partially covered in rugged brown scales. (AC +1, +3% HP)
You regenerate a little health from kills.


Message History

You are more confused.
Sigmund casts a spell at you.
You are more confused.
You're too confused to move!
Sigmund misses you. Sigmund gestures at you while chanting.
The puff of flame hits you. Sigmund casts a spell at you.
You are more confused.
Sigmund casts a spell at you.
You are more confused.
You're too confused to move!
Sigmund hits you from afar with a +0 scythe!
Sigmund is nearby!
You bump into the rock wall.
Sigmund barely misses you.
You bump into the rock wall.
You bump into the rock wall.
Sigmund hits you but does no damage. Sigmund casts a spell at you.
The magic dart hits you. Sigmund attacks as you move away!
Sigmund barely misses you.
Sigmund mumbles some strange words.
Sigmund flickers and vanishes!
Deactivating autopickup; reactivate with Ctrl-A.
You bump into the rock wall.
Something hits you!
You bump into the rock wall.
You hear some strange, mumbled words.
You are more confused.
You closely miss something. Something hits you but does no damage.
You bump into the rock wall.
You bump into the rock wall.
Something hits you.
* * * LOW HITPOINT WARNING * * *
You bump into the rock wall.
Something hits you.
* * * LOW HITPOINT WARNING * * *
You completely miss something. Something hits you.
* * * LOW HITPOINT WARNING * * *
You bump into the rock wall.
Something hits you but does no damage.
You hit something but do no damage. Something barely misses you.
Something hits you!
You die...

##########
#........#########
#.#.{............#
#.####.#....##.#
#@# #.#.......#
#.# ##.####.####
..# #....)....#
...# #..####.#.#
....# #.......#.#
####.# #...#.#.#.#
#.# #...#...#.#
#.# #...#####.#
#..)......####


There were no monsters in sight!

Vanquished Creatures
  A gnoll (D:1)
  3 adders (D:2)
  3 dart slugs
  9 bats
  5 endoplasms (D:1)
  A giant cockroach (D:1)
  2 goblins (D:2)
  A hobgoblin (D:1)
  8 jackals
  7 kobolds
  5 ball pythons
  3 frilled lizards
  2 rats (D:1)
50 creatures vanquished.

Notes
Turn   | Place    | Note
-------+----------+-------------------------------------------
     0 | D:1      | Sabo the Demonspawn Berserker began the quest for the Orb.
     0 | D:1      | Reached XP level 1. HP: 18/18 MP: 1/1
    51 | D:1      | Gained mutation: You are partially covered in rugged brown
                  | scales. (AC +1, +3% HP) [demonic ancestry]
    51 | D:1      | Reached XP level 2. HP: 13/24 MP: 2/2
   227 | D:1      | Reached skill level 3 in Axes
   669 | D:1      | Gained mutation: You regenerate a little health from kills.
                  | [demonic ancestry]
   669 | D:1      | Reached XP level 3. HP: 29/29 MP: 3/3
   690 | D:1      | Found a faded altar of an unknown god.
  1467 | D:2      | Gained mutation: You have a pair of small antennae on your
                  | head. [demonic ancestry]
  1467 | D:2      | Reached XP level 4. HP: 37/37 MP: 4/4
  1601 | D:2      | Reached ** piety under Trog
  1606 | D:2      | Reached skill level 4 in Axes
  1925 | D:2      | Noticed Sigmund
  1958 | D:2      | Slain by Sigmund

Illustrated notes

Levels and vault maps discovered:
D:1:      scummos_arrival_simple_crosswalls, layout_loops_ring,
          hellmonk_ecumenical_altar_zigzags
D:2:      layout_basic, serial_shops, shop, uniq_sigmund

Skill      XL: |  1  2  3  4 |
---------------+-------------+-----
Axes           | 3 4 |  4.0
Dodging        | 2 |  2.1
Fighting       | |  3.7
Maces & Flails | |  0.1
Armour         | |  1.9

Action                   |  1- 3 |  4- 6 || total
-------------------------+-------+-------++-------
Melee: Hand axe          |    64 |       ||    64
       Whip              |    24 |    34 ||    58
       Punch             |     1 |       ||     1
Throw: Boomerang         |     3 |       ||     3
Invok: Berserk           |     2 |       ||     2
Armor: Animal skin       |    37 |       ||    37
       Leather armour    |       |    28 ||    28
Dodge: Dodged            |    76 |    37 ||   113
